 Dungeon Crawl Stone Soup version 0.18-a0-1120-g03bd624 (webtiles) character file.

1057 gorblad the Covert (level 8, -7/37 HPs)
             Began as a Felid Monk on Jan 17, 2016.
             Was a Believer of Dithmenos.
             Mangled by a porcupine (11 damage)
             ... on level 8 of the Dungeon.
             The game lasted 00:13:04 (7242 turns).

gorblad the Covert (Felid Monk)                     Turns: 7242, Time: 00:13:04

Health: -7/37      AC:  2    Str:  7    XL:     8   Next: 6%
Magic:  9/9        EV: 28    Int: 11    God:    Dithmenos [**....]
Gold:   366        SH:  0    Dex: 26    Spells: 0 memorised, 7 levels left
                                        Lives:  0   Deaths: 2

rFire  + . .     SeeInvis +       - Unarmed
rCold  . . .     Gourm    .     (armour unavailable)
rNeg   . . .     Faith    +     (shield unavailable)
rPois  .         Spirit   .     (helmet unavailable)
rElec  .         Dismiss  .     (cloak unavailable)
rCorr  .         Reflect  .     (gloves unavailable)
SustAt .         Harm     .     (boots unavailable)
MR     +....                    l - amulet of faith
Stlth  +++++++++.               i - ring "Gimnogir" {rF+ Dex+3 Stlth+}
                                p - +2 ring of dexterity

@: wreathed by umbra, quick, somewhat resistant to hostile enchantments,
incredibly stealthy
A: no armour, no weapons or thrown items, claws 1, fangs 3, see invisible,
carnivore 3, speed 1, shaggy fur 2, slow metabolism 1, sharp paws
a: Shadow Step, Renounce Religion


You were on level 8 of the Dungeon.
You worshipped Dithmenos.
Dithmenos was pleased with you.
You were not hungry.

You visited 1 branch of the dungeon, and saw 8 of its levels.

You collected 366 gold pieces.

Inventory:

Jewellery
 i - the ring "Gimnogir" (right paw) {rF+ Dex+3 Stlth+}
   (You found it on level 5 of the Dungeon)

   [ring of stealth]

   It affects your dexterity (+3).
   It protects you from fire.
   It makes you more stealthy.
 l - an amulet of faith (around neck)
 m - an uncursed ring of wizardry
 p - a +2 ring of dexterity (left paw)
 u - a +5 ring of intelligence {unknown}
Wands
 d - a wand of digging (21/24)
 q - a wand of polymorph (20/24)
 t - a wand of magic darts (18/48)
Scrolls
 c - 5 scrolls of remove curse
 f - 3 scrolls of teleportation
 r - 2 scrolls of fear
 s - a scroll of amnesia
Potions
 b - 3 potions of flight
 e - a potion of cure mutation
 n - a potion of brilliance
 w - a potion of curing
Comestibles
 a - 3 meat rations
 g - a beef jerky
 k - 2 slices of pizza
 o - a royal jelly


   Skills:
 + Level 5.6 Fighting
 + Level 8.5 Dodging
 + Level 9.4 Stealth
 + Level 7.0 Unarmed Combat


You had 7 spell levels left.
You didn't know any spells.

Dungeon Overview and Level Annotations

Branches:
Dungeon (8/15)             Temple (0/1) D:7            Lair (0/8) D:8

Altars:
Dithmenos
Elyvilon
Fedhas
Ru
Xom
Yredelemnul
Zin

Shops:
D:7 %

Annotations:
D:3 Grinder


Innate Abilities, Weirdness & Mutations

You cannot wear armour.
You are incapable of wielding weapons or throwing items.
You have sharp claws.
You have razor-sharp teeth.
You have supernaturally acute eyesight.
You are carnivorous and can eat meat at any time.
You cover ground quickly.
You are covered in thick fur (AC +2).
You have a slow metabolism.
Your sharp claws are effective at attacking unaware monsters.


Message History

The death yak is lightly wounded.
You scratch the death yak.
The death yak is lightly wounded.
The death yak barely misses you.
You scratch the death yak but do no damage.
The death yak is lightly wounded.
The porcupine completely misses you. The adder barely misses you.
The yak closely misses you.
There is an open door here.
You claw the adder!
You kill the adder!
Dithmenos accepts your kill. The porcupine completely misses you.
The death yak closely misses you.
You scratch the yak but do no damage. You bite the yak, but do no damage.
The porcupine closely misses you. The yak closely misses you.
The death yak completely misses you. The yak barely misses you.
You barely miss the death yak.
The death yak is lightly wounded.
The porcupine bites you!
You die...

######.....###
#.....#.............
#.....#.............
#.....#.............
#.....#...##........
#.....#'####........
#.....#....#........
#.....#....#.Y......
#....<'...##@########
#.....#..(#YYr.......
#.[...#...#.r........
#.....#...+..........
#.....#...#..........
#.....#..............
##########...........
#.......>...
##..........


You could see a death yak, 2 yaks, a porcupine and a rat.

Vanquished Creatures
  Sigmund (D:6)
  A yak (D:8)
  A hungry ghost (D:7)
  A sky beast (D:7)
  2 ogres
  2 centaurs (D:5)
  3 giant frogs
  4 killer bees (D:7)
  2 crimson imps
  A jelly (D:5)
  A centaur skeleton (D:5)
  2 orc priests
  6 worker ants
  A hound skeleton (D:4)
  A worker ant zombie (D:6)
  9 adders
  3 shadow imps
  2 oozes
  3 worms
  A giant gecko (D:2)
  9 orcs
  A ball python (D:5)
  7 giant cockroaches
  4 goblins
  5 hobgoblins
  8 jackals
  A quokka (D:8)
  9 bats
  5 giant newts
  A jackal zombie (D:5)
  7 kobolds
  9 rats
113 creatures vanquished.

Notes
Turn   | Place    | Note
--------------------------------------------------------------
     0 | D:1      | gorblad the Felid Monk began the quest for the Orb.
     0 | D:1      | Reached XP level 1. HP: 10/10 MP: 2/2
    67 | D:1      | Reached XP level 2. HP: 5/14 MP: 3/3
   857 | D:2      | Reached XP level 3. HP: 17/17 MP: 4/4
  1456 | D:2      | Reached XP level 4. HP: 21/21 MP: 5/5
  1493 | D:2      | Found a faded altar to an unknown god.
  2124 | D:3      | Found a sacrificial altar of Ru.
  2151 | D:3      | Noticed Grinder
  2179 | D:3      | Killed from afar by Grinder
  2180 | D:3      | Reached XP level 3. HP: 0/17 MP: 4/4
  2834 | D:3      | Reached skill level 5 in Stealth
  2834 | D:3      | Reached XP level 4. HP: 8/21 MP: 5/5
  3370 | D:4      | Reached skill level 5 in Dodging
  3508 | D:4      | Reached XP level 5. HP: 25/25 MP: 6/6
  3552 | D:4      | Reached skill level 6 in Stealth
  3552 | D:4      | Reached skill level 5 in Unarmed Combat
  3718 | D:4      | Gained mutation: You are covered in thick fur (AC +2). [Felid growth]
  3718 | D:4      | Reached XP level 6. HP: 28/28 MP: 7/7
  3926 | D:5      | Entered Level 5 of the Dungeon
  4580 | D:5      | Found a white marble altar of Elyvilon.
  4606 | D:5      | Got a scintillating lapis lazuli ring
  4676 | D:5      | Reached XP level 7. HP: 33/33 MP: 8/8
  4714 | D:5      | Reached skill level 7 in Stealth
  4992 | D:5      | Identified the ring "Gimnogir" {rF+ Dex+3 Stlth+} (You found it on level 5 of the Dungeon)
  5076 | D:6      | Noticed Sigmund
  5109 | D:6      | Killed Sigmund
  5422 | D:6      | Reached skill level 5 in Fighting
  5543 | D:6      | Found a shimmering altar of Xom.
  5766 | D:6      | Found a shadowy altar of Dithmenos.
  5920 | D:6      | Reached skill level 8 in Stealth
  5972 | D:6      | Became a worshipper of Dithmenos the Shadowed
  5972 | D:6      | Reached * piety under Dithmenos
  5972 | D:6      | Reached ** piety under Dithmenos
  6019 | D:7      | Noticed a hungry ghost
  6020 | D:7      | Killed a hungry ghost
  6020 | D:7      | Reached XP level 8. HP: 37/37 MP: 9/9
  6226 | D:7      | Found a staircase to the Ecumenical Temple.
  6276 | D:7      | Found a glowing silver altar of Zin.
  6282 | D:7      | Found Ben Rada's Food Emporium.
  6389 | D:7      | Found a basalt altar of Yredelemnul.
  6390 | D:7      | Found a blossoming altar of Fedhas.
  6557 | D:7      | HP: 2/55 [poisoned by a killer bee]
  6557 | D:7      | Slain by a killer bee
  6558 | D:7      | Reached XP level 7. HP: 0/49 MP: 8/8
  6677 | D:7      | Reached skill level 9 in Stealth
  7214 | D:8      | Found a staircase to the Lair.
  7216 | D:8      | Noticed a yak
  7217 | D:8      | Noticed a yak
  7217 | D:8      | Noticed a death yak
  7217 | D:8      | Noticed a yak
  7228 | D:8      | Killed a yak
  7228 | D:8      | Reached XP level 8. HP: 12/37 MP: 9/9
  7242 | D:8      | Mangled by a porcupine

Vault maps used:
D:1:      lordsloth_arrival_two_stooges, nrook_mini_vaults, minivault_27
D:2:      mumra_celtic_spiral_tile, ecumenical_altar_2
D:3:      overflow_temple_1_default, supply_closet_lemuel, uniq_grinder
D:5:      lemuel_doored_altar, first_bread, serial_bayou_pond_d,
          minmay_misc_feat_nine_boxes
D:6:      lemuel_coloured_pillars_altar, nicolae_overflow_hidden_temple,
          uniq_sigmund
D:7:      grunt_temple_overflow_open, minmay_temple_entry_overgrown,
          serial_shops, nicolae_shop_waterfront, basic_altar
D:8:      dpeg_lair_monsters

Action                   |  1- 3 |  4- 6 |  7- 9 || total
-------------------------+-------+-------+-------++-------
Melee: Unarmed           |   102 |   113 |   129 ||   344
  Use: Scroll            |     3 |     5 |     8 ||    16
       Potion            |       |    10 |     1 ||    11
 Stab: Sleeping          |    20 |    10 |    15 ||    45
       Distracted        |     1 |       |       ||     1
  Eat: Chunk             |    14 |     5 |     5 ||    24
